Cogmind - Beta 14 @@@ ROGUE MODE // 2024.10.28 @ 12:14:04 Player: canerib Result: Self-destructed Performance ------------- Evolutions (6) 3000 Regions Visited (13) 2600 Robots Destroyed (81) 405 Value Destroyed (2651) 2651 Prototype IDs (1) 20 Alien Tech Used (0) 0 Bonus (16) 16 TOTAL SCORE: 8692 Bonus ------- High Alert Combat Kills 16 Cogmind --------- Core Integrity 671/1150 Matter 290/300 Energy 100/100 System Corruption 0% Temperature Cool (0) Movement Core (50) Location -4/Upper Caves Parts ------- > --- POWER (2) -------- (None) > --- PROPULSION (9) --- (None) > --- UTILITY (6) ------ Advanced Visual Processing Unit Enhanced Optical Array > --- WEAPON (2) ------- Makeshift Spear > --- INVENTORY (5) ---- Drone Bay (2/2) Quantum Rifle Quantum Rifle Improved Remote Datajack Peak State ------------ > --- POWER ------------ (None) > --- PROPULSION ------- Improved Gravmag System Improved Antigrav System > --- UTILITY ---------- Advanced Visual Processing Unit Enhanced Optical Array Hacking Suite Improved Hacking Suite > --- WEAPON ----------- Dual-blade Saw Dual-blade Saw > --- INVENTORY -------- VTOL Module Drone Bay Phase Gun Improved Remote Datajack [Rating: 44] Favorites ----------- Power Ion Engine Engine Ion Engine Power Core Light Nuclear Core Propulsion Aluminum Leg Leg Aluminum Leg Hover Unit Airjet Flight Unit VTOL Module Utility Advanced Visual Processing Unit Device Structural Scanner Storage Medium Storage Unit Processor Advanced Visual Processing Unit Hackware Hacking Suite Protection Reactive Plating Weapon Enhanced Autogun Energy Gun Gatling Laser Ballistic Gun Enhanced Autogun Launcher Mini Grenade Launcher Special Weapon Mining Laser Slashing Weapon Ripper Piercing Weapon Makeshift Spear Build | -11 -10 -9 -8 -8 -7 -7 -7 -6 -6 -6 -5 -4 -4 ------- Run | Yrd Mat Mat Mat Sto Fac Low Low Fac Low Low Fac Fac Upp Slots Evolved 12 | . . 2 2 . 2 . . 2 . . 2 2 . Power 1 | . . . . . . . . . . . 1 . . Propulsion 7 | . . 1 1 . 2 . . 2 . . . 1 . Utility 4 | . . 1 1 . . . . . . . 1 1 . Weapon . | . . . . . . . . . . . . . . Parts Attached 107 | 6 9 24 12 14 14 3 . 2 9 . 3 9 2 Power 14 | 1 2 4 1 1 2 . . . 1 . . 1 1 Engine 8 | 1 2 4 . 1 . . . . . . . . . Core 6 | . . . 1 . 2 . . . 1 . . 1 1 Reactor . | . . . . . . . . . . . . . . Propulsion 37 | 2 . 7 6 6 6 . . 1 4 . 1 4 . Treads . | . . . . . . . . . . . . . . Leg 25 | 2 . 7 6 3 6 . . 1 . . . . . Wheel . | . . . . . . . . . . . . . . Hover 5 | . . . . 3 . . . . . . . 2 . Flight 7 | . . . . . . . . . 4 . 1 2 . Utility 26 | 1 2 3 3 5 4 1 . 1 3 . 2 1 . Device 11 | . 2 2 . 2 1 . . 1 2 . 1 . . Storage 2 | 1 . . . 1 . . . . . . . . . Processor 5 | . . . 2 . 2 . . . 1 . . . . Hackware 2 | . . . . . . . . . . . 1 1 . Protection 6 | . . 1 1 2 1 1 . . . . . . . Artifact . | . . . . . . . . . . . . . . Weapon 30 | 2 5 10 2 2 2 2 . . 1 . . 3 1 Energy Gun 7 | 1 . 4 . . . 1 . . . . . 1 . Energy Cannon . | . . . . . . . . . . . . . . Ballistic Gun 14 | 1 4 3 1 2 2 1 . . . . . . . Ballistic Cannon . | . . . . . . . . . . . . . . Launcher 3 | . . 2 1 . . . . . . . . . . Special Weapon 2 | . 1 1 . . . . . . . . . . . Impact Weapon . | . . . . . . . . . . . . . . Slashing Weapon 3 | . . . . . . . . . 1 . . 2 . Piercing Weapon 1 | . . . . . . . . . . . . . 1 Special Melee Weapon . | . . . . . . . . . . . . . . Unidentified Prototypes 1 | . . . . 1 . . . . . . . . . Parts Lost 60 | . . 11 6 6 5 9 1 . 8 . 5 7 2 Power 6 | . . 1 1 . 1 1 . . 1 . . . 1 Propulsion 26 | . . 4 1 3 3 5 . . 3 . 3 3 1 Utility 15 | . . 2 2 2 1 1 1 . 3 . 1 2 . Weapon 13 | . . 4 2 1 . 2 . . 1 . 1 2 . Highest Loss Streak 7 | . . 5 6 2 3 4 1 . 5 . 3 7 2 To Critical Strikes 1 | . . . . . 1 . . . . . . . . Average Slot Usage (%) 63 | . 97 81 96 88 84 45 35 32 34 33 22 24 16 Engine 3 | . 13 9 7 1 1 . . . . . . . . Core 1 | . . . . 7 5 . . . 1 . . . . Leg 16 | . 28 26 34 25 30 5 . 4 4 . . . . Hover 1 | . . . . 9 1 . . . . . . 2 . Device 5 | . 13 11 8 5 2 3 . . 3 . . . . Storage 7 | . 14 11 9 9 7 7 7 6 4 . . . . Processor 8 | . . . 9 9 14 15 12 6 8 13 11 10 10 Protection 3 | . . 5 9 7 3 1 7 6 3 . . . . Energy Gun 5 | . 12 6 9 . . 6 7 6 3 . . . . Ballistic Gun 6 | . 12 9 7 12 15 3 . . . . . . . Peak Build Rating 44 | 6 9 11 22 35 33 31 15 20 21 17 18 44 24 Average Rating 17 | 4 7 8 21 28 30 16 14 16 17 17 14 22 18 On Entrance 15 | . 6 7 11 21 25 31 15 14 20 17 17 13 17 Naked Turns . | . . . . . . . . . . . . . . Heaviest Build 39 | 12 14 16 22 39 33 24 24 25 25 3 3 11 7 Greatest Support 67 | 20 20 33 48 40 67 67 3 17 23 8 10 22 7 Greatest Overweight (x) 7 | 1 . 3 . 1 1 7 7 7 5 . . 1 2 Average Overweight (x) . | . . . . . . 2 7 1 . . . . . Largest Inventory Capacity 10 | 8 8 8 8 10 10 10 10 10 10 5 5 5 5 Average Capacity 8 | 7 8 8 8 9 10 10 10 10 8 5 5 5 5 Most Carried 10 | 5 8 8 8 9 10 9 9 10 10 5 5 5 5 Average Carried 7 | 2 6 5 7 6 8 8 9 9 8 5 3 3 4 Final Capacity 10 | 8 8 8 8 10 10 10 10 10 5 5 5 5 5 Final Carried 10 | 3 8 8 5 9 9 9 9 10 5 5 4 4 4 Class Distribution -------------------- 59% | Mutant 36% | Scavenger-Mutant Dominant Class ---------------- Mutant | -10/Materials Scavenger-Mutant | -9/Materials Scavenger-Mutant | -8/Materials Scavenger-Mutant | -8/Storage Scavenger-Mutant | -7/Factory Mutant | -7/Lower Caves Mutant | -7/Lower Caves Mutant | -6/Factory Mutant | -6/Lower Caves Sprinter | -6/Lower Caves Mutant | -5/Factory Hacker-Mutant | -4/Factory Mutant | -4/Upper Caves Resources | -11 -10 -9 -8 -8 -7 -7 -7 -6 -6 -6 -5 -4 -4 ----------- Run | Yrd Mat Mat Mat Sto Fac Low Low Fac Low Low Fac Fac Upp Matter Collected 2185 | 195 207 416 61 456 549 94 44 . 93 . 15 55 . Remotely . | . . . . . . . . . . . . . . Salvage Created 2904 | 17 254 959 134 503 505 162 51 . 249 . . 70 . Parts 160 | 2 16 61 9 25 21 7 3 . 11 . . 5 . Haulers Intercepted . | . . . . . . . . . . . . . . Recyclers Shooed 3 | 1 1 1 . . . . . . . . . . . Parts Field Recycled . | . . . . . . . . . . . . . . Retrieved Matter . | . . . . . . . . . . . . . . Parts Self-Destructed 25 | . . . . . . 7 9 . 9 . . . . Prevented 5 | . . . . . . 4 1 . . . . . . Kills | -11 -10 -9 -8 -8 -7 -7 -7 -6 -6 -6 -5 -4 -4 ------- Run | Yrd Mat Mat Mat Sto Fac Low Low Fac Low Low Fac Fac Upp Combat Hostiles Destroyed 72 | . 9 26 4 8 9 5 1 . 7 . . 3 . Melee 7 | . . . . . . . . . 4 . . 3 . Guns 54 | . 9 16 3 8 9 5 1 . 3 . . . . Cannons 1 | . . 1 . . . . . . . . . . . AOE 10 | . . 9 1 . . . . . . . . . . Classes Destroyed 13 | 1 3 5 2 . 2 . . . . . . . . Worker 1 | . . 1 . . . . . . . . . . . Builder 1 | . . . 1 . . . . . . . . . . Tunneler 1 | 1 . . . . . . . . . . . . . Recycler 3 | . 1 1 . 1 . . . . . . . . . Operator 1 | . . 1 . . . . . . . . . . . Watcher 2 | . . 1 . . 1 . . . . . . . . Swarmer 24 | . 8 3 2 . . 3 . . 5 . . 3 . Grunt 28 | . 1 17 . 3 6 . 1 . . . . . . Brawler 3 | . . . . . 1 . . . 2 . . . . Duelist 2 | . . 2 . . . . . . . . . . . Sentry 11 | . . 4 1 4 1 1 . . . . . . . Hunter 2 | . . . 1 1 . . . . . . . . . Programmer 2 | . . . . . 1 1 . . . . . . . Best Kill Streak 14 | 1 3 14 2 2 3 3 1 . 4 . . 3 . Combat Bots Only 11 | . 3 11 2 2 3 3 1 . 4 . . 3 . Max Kills in Single Turn 4 | 1 1 4 2 1 1 2 1 . 1 . . 1 . Gunslinging . | . . . . . . . . . . . . . . Exploded 3 | . . 3 1 . . . . . . . . . . Melee 1 | . . . . . . . . . 1 . . 1 . Uniques/NPCs Destroyed . | . . . . . . . . . . . . . . Combat | -11 -10 -9 -8 -8 -7 -7 -7 -6 -6 -6 -5 -4 -4 -------- Run | Yrd Mat Mat Mat Sto Fac Low Low Fac Low Low Fac Fac Upp Hostile Shots Fired 827 | . 38 133 77 98 125 118 3 . 97 . 45 80 13 Missed 273 | . 9 30 27 24 38 54 . . 38 . 23 25 5 Damage Taken 7992 | . 231 1396 971 1168 1085 663 49 . 987 . 492 799 151 Core 2343 | . 58 272 249 273 105 132 . . 386 . 389 417 62 Absorbed by Shields . | . . . . . . . . . . . . . . Redirected to Shielding 33 | . . 8 25 . . . . . . . . . . Ignored by Resistances 72 | . . . . 45 4 . . . 23 . . . . Regen/Repaired (Parts) 179 | . . . . 179 . . . . . . . . . Core Remaining (%) 56 | 100 76 32 . 5 . . 66 . . 54 61 . . Volleys Fired 257 | 9 30 73 21 36 54 19 2 . 11 . . 2 . Largest 2 | 2 2 2 2 2 2 2 1 . 1 . . 1 . Hottest 140 | 60 140 100 86 56 50 105 80 . 80 . . 88 . Shots Fired 464 | 18 55 121 42 71 108 34 2 . 11 . . 2 . Gun 446 | 18 49 112 39 71 108 34 2 . 11 . . 2 . Cannon . | . . . . . . . . . . . . . . Launcher 9 | . . 6 3 . . . . . . . . . . Special 9 | . 6 3 . . . . . . . . . . . Kinetic 308 | 9 24 61 18 70 108 18 . . . . . . . Thermal 147 | 9 31 54 21 1 . 16 2 . 11 . . 2 . Explosive 9 | . . 6 3 . . . . . . . . . . Electromagnetic . | . . . . . . . . . . . . . . Robot Hit Streak 13 | 4 8 11 11 10 13 10 3 . 11 . . . . Robot Miss Streak 6 | 4 3 3 4 6 3 5 2 . 2 . . 2 . Penetration Max . | . . . . . . . . . . . . . . Secondary Targets 12 | . 1 6 . 2 2 1 . . . . . . . Max Gunslinging Chain 1 | . 1 1 . 1 1 1 . . . . . . . Shots Hit Robots 316 | 9 25 84 26 42 84 23 2 . 16 . . 3 2 Core Hits 155 | 2 13 50 13 21 24 13 3 . 13 . . 3 . Critical Kills 1 | . . . . 1 . . . . . . . . . Critical Parts Destroyed 2 | . . . . . 2 . . . . . . . . Critical Strikes 5 | . . 2 . 1 2 . . . . . . . . Burn 2 | . . 2 . . . . . . . . . . . Destroy 3 | . . . . 1 2 . . . . . . . . Melee Attacks 17 | . . . . . . . . . 9 . . 5 3 Impact . | . . . . . . . . . . . . . . Slashing 14 | . . . . . . . . . 9 . . 5 . Piercing 3 | . . . . . . . . . . . . . 3 Sneak Attacks . | . . . . . . . . . . . . . . Combat Hostiles . | . . . . . . . . . . . . . . Follow-up Attacks 1 | . . . . . . . . . . . . 1 . Damage Inflicted 5815 | 81 292 1660 527 728 1427 526 34 . 425 . . 68 47 Guns 4521 | 81 292 955 252 715 1427 526 34 . 239 . . . . Cannons . | . . . . . . . . . . . . . . Explosions 946 | . . 674 272 . . . . . . . . . . Melee 301 | . . . . . . . . . 186 . . 68 47 Ramming 23 | . . 7 3 13 . . . . . . . . . Kinetic 3052 | 38 139 501 77 715 1427 155 . . . . . . . Thermal 1636 | 43 153 478 318 . . 371 34 . 239 . . . . Explosive 758 | . . 629 129 . . . . . . . . . . Electromagnetic 45 | . . 45 . . . . . . . . . . . Impact . | . . . . . . . . . . . . . . Slashing 254 | . . . . . . . . . 186 . . 68 . Piercing 47 | . . . . . . . . . . . . . 47 Highest Corruption 5 | . 2 . . . 3 5 5 . 1 1 . . . Average Corruption 3 | . 1 . . . 2 4 5 . 1 1 . . . Corruption Purged . | . . . . . . . . . . . . . . Corruption Blocked . | . . . . . . . . . . . . . . Effects 41 | . 1 . . . 9 21 5 . 4 1 . . . Message Errors 8 | . . . . . 1 4 2 . . 1 . . . Matter Fused 14 | . . . . . 5 6 3 . . . . . . Heat Flow Errors 4 | . . . . . 1 3 . . . . . . . Energy Discharges 10 | . 1 . . . . 6 . . 3 . . . . Data Loss (minor) 3 | . . . . . 1 1 . . 1 . . . . Alerts 1 | . . . . . 1 . . . . . . . . Weapon Failures 1 | . . . . . . 1 . . . . . . . Overload Shots . | . . . . . . . . . . . . . . Overflow Damage 30 | . . 11 3 . . . . . 16 . . . . Projectiles . | . . . . . . . . . . . . . . Explosions 14 | . . 11 3 . . . . . . . . . . Melee 16 | . . . . . . . . . 16 . . . . Knockbacks 1 | . . 1 . . . . . . . . . . . Impact 1 | . . 1 . . . . . . . . . . . Kinetic . | . . . . . . . . . . . . . . Secondary . | . . . . . . . . . . . . . . Self-Inflicted Damage 113 | . . 47 66 . . . . . . . . . . Shots 4 | . . 2 2 . . . . . . . . . . Rammed 3 | . . 3 . . . . . . . . . . . Targets Rammed 13 | . . 3 1 9 . . . . . . . . . Kicked 10 | . . . 1 9 . . . . . . . . . Crushed . | . . . . . . . . . . . . . . Highest Temperature 266 | 40 60 68 12 181 92 266 31 . 75 . . 18 . Average Temperature 35 | 20 26 22 4 50 25 80 16 . 29 . . 8 . Received Heat Transfer 2076 | . . 501 135 576 525 84 27 . 150 . 60 . 18 Siege Activations . | . . . . . . . . . . . . . . Robots Corrupted . | . . . . . . . . . . . . . . Combat Hostiles . | . . . . . . . . . . . . . . Parts Fried 1 | . . 1 . . . . . . . . . . . Impact Corruptions . | . . . . . . . . . . . . . . Robots Melted . | . . . . . . . . . . . . . . Combat Hostiles . | . . . . . . . . . . . . . . Parts Melted 4 | . . 1 1 . . 2 . . . . . . . Heat Transferred 3818 | 100 350 1424 544 . . 775 75 . 550 . . . . Parts Sabotaged . | . . . . . . . . . . . . . . Parts Stolen . | . . . . . . . . . . . . . . Parts Stripped . | . . . . . . . . . . . . . . Power Chain Reactions . | . . . . . . . . . . . . . . Alert | -11 -10 -9 -8 -8 -7 -7 -7 -6 -6 -6 -5 -4 -4 ------- Run | Yrd Mat Mat Mat Sto Fac Low Low Fac Low Low Fac Fac Upp Peak Influence 465 | 5 259 465 362 338 276 . . 12 . . 438 364 . Initial 214 | . 3 59 131 150 100 . . 12 . . 88 214 . Average 160 | . 108 212 221 182 148 . . 12 . . 276 269 . Maximum Alert Level 2 | . 1 2 1 1 1 . . . . . 2 1 . Low Security (%) 66 | 100 83 45 34 69 84 . . 100 . . 44 . . Level 1 31 | . 16 49 65 30 15 . . . . . 35 100 . Level 2 2 | . . 4 . . . . . . . . 20 . . Level 3 . | . . . . . . . . . . . . . . Level 4 . | . . . . . . . . . . . . . . Level 5 . | . . . . . . . . . . . . . . High Security . | . . . . . . . . . . . . . . Max Security . | . . . . . . . . . . . . . . Squads Dispatched 15 | . 2 6 2 3 1 . . . . . . 1 . Investigation 8 | . 1 4 . 2 . . . . . . . 1 . Extermination 1 | . . . . . 1 . . . . . . . . Reinforcement 6 | . 1 2 2 1 . . . . . . . . . Assault . | . . . . . . . . . . . . . . Garrison . | . . . . . . . . . . . . . . Intercept . | . . . . . . . . . . . . . . Searches Triggered . | . . . . . . . . . . . . . . Construction Impeded 1 | . . 1 . . . . . . . . . . . Haulers Reinforced . | . . . . . . . . . . . . . . Active Scanning Responses . | . . . . . . . . . . . . . . Cargo Convoy Interrupts . | . . . . . . . . . . . . . . Stealth | -11 -10 -9 -8 -8 -7 -7 -7 -6 -6 -6 -5 -4 -4 --------- Run | Yrd Mat Mat Mat Sto Fac Low Low Fac Low Low Fac Fac Upp Distress Signals 7 | . 2 1 3 . . . . . . . 1 . . Communications Jammed . | . . . . . . . . . . . . . . Distress Signals . | . . . . . . . . . . . . . . Times Spotted 153 | . 17 31 14 13 17 5 1 . 16 . 20 16 3 Peak Tracking Total 9 | . 5 9 5 4 5 3 1 . 9 . 9 9 3 Tactical Retreats 21 | . 3 2 2 2 1 . . . 4 . 5 2 . Traps | -11 -10 -9 -8 -8 -7 -7 -7 -6 -6 -6 -5 -4 -4 ------- Run | Yrd Mat Mat Mat Sto Fac Low Low Fac Low Low Fac Fac Upp Traps Triggered 8 | . 4 1 . 1 2 . . . . . . . . Indirectly . | . . . . . . . . . . . . . . Trap Hack Attempts . | . . . . . . . . . . . . . . Triggered . | . . . . . . . . . . . . . . Disarmed . | . . . . . . . . . . . . . . Reprogrammed . | . . . . . . . . . . . . . . Reused 1 | . . . . . . . . . . . 1 . . Traps Extracted . | . . . . . . . . . . . . . . Installed 1 | . . . . . . . . . . . 1 . . Triggered 2 | . . . . . . . 1 . . . 1 . . Most Traps Carried 1 | . . . . . . . . . 1 1 1 . . Machines | -11 -10 -9 -8 -8 -7 -7 -7 -6 -6 -6 -5 -4 -4 ---------- Run | Yrd Mat Mat Mat Sto Fac Low Low Fac Low Low Fac Fac Upp Machines Disabled 7 | . . 4 3 . . . . . . . . . . Max in Single Turn 3 | . . 2 3 . . . . . . . . . . Garrison Access 1 | . . . . 1 . . . . . . . . . Machines Repaired . | . . . . . . . . . . . . . . Machines Dismantled . | . . . . . . . . . . . . . . Machines Sabotaged . | . . . . . . . . . . . . . . Overloaded Fab Kills . | . . . . . . . . . . . . . . Hacking | -11 -10 -9 -8 -8 -7 -7 -7 -6 -6 -6 -5 -4 -4 --------- Run | Yrd Mat Mat Mat Sto Fac Low Low Fac Low Low Fac Fac Upp Machines Accessed 20 | . 6 3 . 5 . . . 1 2 . 1 1 1 Terminals 13 | . 6 3 . 3 . . . . . . . 1 . Fabricators 2 | . . . . . . . . 1 . . 1 . . Repair Stations 1 | . . . . 1 . . . . . . . . . Recycling Units . | . . . . . . . . . . . . . . Scanalyzers . | . . . . . . . . . . . . . . Garrison Access 1 | . . . . 1 . . . . . . . . . Total Hacks 52 | . 17 10 . 15 . . . 1 2 . 3 3 1 Successful 22 | . 6 4 . 8 . . . 1 2 . . . 1 Failed 30 | . 11 6 . 7 . . . . . . 3 3 . Catastrophic 4 | . 2 1 . . . . . . . . 1 . . Database Lockouts . | . . . . . . . . . . . . . . Manual 19 | . 11 5 . 2 . . . . . . . 1 . Terminals 40 | . 17 10 . 10 . . . . . . . 3 . Fabricators 4 | . . . . . . . . 1 . . 3 . . Repair Stations 4 | . . . . 4 . . . . . . . . . Recycling Units . | . . . . . . . . . . . . . . Scanalyzers . | . . . . . . . . . . . . . . Garrison Access 1 | . . . . 1 . . . . . . . . . Terminal Hacks 16 | . 4 4 . 5 . . . . 2 . . . 1 Open Door 5 | . . . . 2 . . . . 2 . . . 1 Level Access Points 1 | . 1 . . . . . . . . . . . . Alert Level 4 | . 1 2 . 1 . . . . . . . . . Unreport Threat 2 | . . 2 . . . . . . . . . . . Dispatch Records 1 | . 1 . . . . . . . . . . . . Recall Investigation 2 | . 1 . . 1 . . . . . . . . . Zone Layout 1 | . . . . 1 . . . . . . . . . Fabricator Hacks 1 | . . . . . . . . 1 . . . . . Network Status 1 | . . . . . . . . 1 . . . . . Repair Station Hacks 2 | . . . . 2 . . . . . . . . . Scan Component 1 | . . . . 1 . . . . . . . . . Repair 1 | . . . . 1 . . . . . . . . . Recycling Unit Hacks . | . . . . . . . . . . . . . . Scanalyzer . | . . . . . . . . . . . . . . Garrison Access Hacks 1 | . . . . 1 . . . . . . . . . Seal Access 1 | . . . . 1 . . . . . . . . . Unauthorized Hacks 2 | . 2 . . . . . . . . . . . . Terminals 2 | . 2 . . . . . . . . . . . . Botnet 2 | . 2 . . . . . . . . . . . . Fabricators . | . . . . . . . . . . . . . . Repair Stations . | . . . . . . . . . . . . . . Recycling Units . | . . . . . . . . . . . . . . Scanalyzers . | . . . . . . . . . . . . . . Garrison Access . | . . . . . . . . . . . . . . Data Cores Recovered . | . . . . . . . . . . . . . . Used . | . . . . . . . . . . . . . . Hacking Detections 15 | . 6 3 . 4 . . . . . . 1 1 . Full Trace Events 8 | . 3 3 . 1 . . . . . . . 1 . Feedback Events . | . . . . . . . . . . . . . . Feedback Blocked . | . . . . . . . . . . . . . . Robot Schematics Acquired . | . . . . . . . . . . . . . . Robots Built . | . . . . . . . . . . . . . . Authchips . | . . . . . . . . . . . . . . Time . | . . . . . . . . . . . . . . Total Robot Build Rating . | . . . . . . . . . . . . . . Part Schematics Acquired . | . . . . . . . . . . . . . . Parts Built . | . . . . . . . . . . . . . . Authchips . | . . . . . . . . . . . . . . Time . | . . . . . . . . . . . . . . Total Part Build Rating . | . . . . . . . . . . . . . . Parts Repaired 1 | . . . . 1 . . . . . . . . . Time 38 | . . . . 38 . . . . . . . . . Parts Recycled . | . . . . . . . . . . . . . . Recycled Matter . | . . . . . . . . . . . . . . Retrieved Matter . | . . . . . . . . . . . . . . Retrieved Components . | . . . . . . . . . . . . . . Parts Scanalyzed . | . . . . . . . . . . . . . . Part Schematics Acquired . | . . . . . . . . . . . . . . Parts Damaged . | . . . . . . . . . . . . . . Bothacking | -11 -10 -9 -8 -8 -7 -7 -7 -6 -6 -6 -5 -4 -4 ------------ Run | Yrd Mat Mat Mat Sto Fac Low Low Fac Low Low Fac Fac Upp Used RIF Installer . | . . . . . . . . . . . . . . Robots Hacked . | . . . . . . . . . . . . . . Non-combat . | . . . . . . . . . . . . . . Combat . | . . . . . . . . . . . . . . Robot Hacks Applied . | . . . . . . . . . . . . . . Relay Couplers Released . | . . . . . . . . . . . . . . Fabnet Peak Effective % . | . . . . . . . . . . . . . . Robots Rewired . | . . . . . . . . . . . . . . Allies Hacked . | . . . . . . . . . . . . . . Hacks Repelled . | . . . . . . . . . . . . . . Allies | -11 -10 -9 -8 -8 -7 -7 -7 -6 -6 -6 -5 -4 -4 -------- Run | Yrd Mat Mat Mat Sto Fac Low Low Fac Low Low Fac Fac Upp Total Allies . | . . . . . . . . . . . . . . Largest Group . | . . . . . . . . . . . . . . Highest-Rated Group . | . . . . . . . . . . . . . . Highest-Rated Ally . | . . . . . . . . . . . . . . Total Orders . | . . . . . . . . . . . . . . Ally Attacks . | . . . . . . . . . . . . . . Total Damage . | . . . . . . . . . . . . . . Kills . | . . . . . . . . . . . . . . Allies Corrupted . | . . . . . . . . . . . . . . Allies Melted . | . . . . . . . . . . . . . . Intel | -11 -10 -9 -8 -8 -7 -7 -7 -6 -6 -6 -5 -4 -4 ------- Run | Yrd Mat Mat Mat Sto Fac Low Low Fac Low Low Fac Fac Upp Robot Analysis Total . | . . . . . . . . . . . . . . Derelict Logs Recovered 4 | . . . . . . 2 . . 1 1 . . . Drone Launches 6 | . . . . 4 . . . . 2 . . . . Drone Recoveries 3 | . . . . 2 . . . . 1 . . . . Exploration | -11 -10 -9 -8 -8 -7 -7 -7 -6 -6 -6 -5 -4 -4 ------------- Run | Yrd Mat Mat Mat Sto Fac Low Low Fac Low Low Fac Fac Upp Turns Passed 5397 | 84 614 687 243 520 670 1041 257 357 364 24 234 169 133 Spaces Moved 3760 | 41 389 351 130 280 393 433 64 161 337 73 554 265 289 Core 656 | 14 . 38 . . . 203 64 16 8 . 133 179 1 Treads . | . . . . . . . . . . . . . . Legs 1977 | 27 389 313 130 227 393 230 . 145 123 . . . . Wheels . | . . . . . . . . . . . . . . Hover 90 | . . . . 53 . . . . . . . 37 . Flight 1037 | . . . . . . . . . 206 73 421 49 288 Fastest Speed 32 | 50 120 100 90 62 120 120 400 200 32 32 32 35 40 Average Speed 113 | 109 120 120 91 114 129 224 400 219 88 32 39 48 40 Slowest Speed 400 | 190 120 200 120 185 190 400 400 400 300 32 50 110 150 Overloaded Moves . | . . . . . . . . . . . . . . Propulsion Burnouts . | . . . . . . . . . . . . . . Robots Hopped 11 | . . . . . . . . . 3 . 3 5 . Cave-ins Triggered . | . . . . . . . . . . . . . . Exploration Rate (%) 32 | 5 81 33 23 48 14 74 10 7 68 18 19 12 39 Regions Visited 13 Branch Regions 6 Pre-discovered Areas . | . . . . . . . . . . . . . . Known Exits Taken 2 | . 1 . . . . . . . . . 1 . . Unknown Exits Taken 11 | 1 . 1 1 1 1 1 1 1 1 1 . 1 . Scrap Searched 5 | . . . . . . 3 . . 2 . . . . Spaces Dug 5 | . 5 . . . . . . . . . . . . Terrain Destroyed 101 | . 5 56 40 . . . . . . . . . . Melee . | . . . . . . . . . . . . . . Projectile 6 | . 5 1 . . . . . . . . . . . AOE 95 | . . 55 40 . . . . . . . . . . Terrain Rammed . | . . . . . . . . . . . . . . Walls Destroyed . | . . . . . . . . . . . . . . Machines Disabled . | . . . . . . . . . . . . . . Actions | -11 -10 -9 -8 -8 -7 -7 -7 -6 -6 -6 -5 -4 -4 --------- Run | Yrd Mat Mat Mat Sto Fac Low Low Fac Low Low Fac Fac Upp Total 4469 | 64 471 499 215 430 486 469 65 165 373 72 568 289 303 Wait 185 | . 21 18 39 67 9 13 . . 3 . 6 4 5 Move 3726 | 40 388 350 130 279 392 432 63 160 330 72 547 254 289 Hop 11 | . . . . . . . . . 3 . 3 5 . Pick Up 113 | 9 16 23 8 16 15 2 . 3 5 . 5 8 3 Fast Attach . | . . . . . . . . . . . . . . Attach 80 | 6 5 16 5 9 12 2 . 2 9 . 3 9 2 Detach 3 | . . . . 1 . . . . . . . 2 . Swap 27 | . 4 8 7 5 2 1 . . . . . . . Drop 35 | . 7 8 5 5 2 . . . 3 . 3 1 1 Fire 257 | 9 30 73 21 36 54 19 2 . 11 . . 2 . Melee 16 | . . . . . . . . . 9 . . 4 3 Ram 3 | . . 3 . . . . . . . . . . . Kick 9 | . . . . 9 . . . . . . . . . Crush . | . . . . . . . . . . . . . . Escape Stasis . | . . . . . . . . . . . . . . Rewire 3 | . . . . 3 . . . . . . . . . Trap 1 | . . . . . . . . . . . 1 . . Miscellaneous . | . . . . . . . . . . . . . . Route ------- -11/Scrapyard -10/Materials (discovered 4 exits: *Mat x3 / [*Min]) -9/Materials -8/Materials -8/Storage -7/Factory -7/Lower Caves -7/Lower Caves -6/Factory (discovered 2 exits: *Fac / *Low) -6/Lower Caves -6/Lower Caves -5/Factory -4/Factory -4/Upper Caves History --------- Turn | Location | Event 11 | -11/Scrapyard | Discovered new exit (range 15) 85 | -11/Scrapyard | Entered Materials 233 | -10/Materials | Discovered new exit (range 5) 316 | -10/Materials | Build established: Mutant 510 | -10/Materials | Discovered new exit (range 8) 607 | -10/Materials | Identified exit to Materials 699 | -10/Materials | Entered another Materials area 699 | -9/Materials | Evolved 2 slots: Propulsion x1, Utility x1 904 | -9/Materials | Lost 4 parts (2n1u1w) 934 | -9/Materials | Core integrity fell below 50% 960 | -9/Materials | Lost 5 parts (1n1u3w) 1243 | -9/Materials | Destroyed 11 combat bots 1320 | -9/Materials | Discovered new exit (range 16) 1334 | -9/Materials | Build established: Scavenger-Mutant 1386 | -9/Materials | Entered another Materials area 1386 | -8/Materials | Evolved 2 slots: Propulsion x1, Utility x1 1616 | -8/Materials | Discovered new exit (range 13) 1629 | -8/Materials | Entered Storage 1649 | -8/Storage | Lost 6 parts (1p1n2u2w) 1670 | -8/Storage | Core integrity fell below 50% 1968 | -8/Storage | Core integrity fell below 20% 2125 | -8/Storage | Repaired Reactive Plating 2143 | -8/Storage | Discovered new exit (range 5) 2149 | -8/Storage | Entered Factory 2149 | -7/Factory | Evolved 2 slots: Propulsion x2 2576 | -7/Factory | Lost 3 parts (2n1u) 2779 | -7/Factory | Discovered new exit (range 5) 2819 | -7/Factory | Entered Lower Caves 2860 | -7/Lower Caves | Attracted the attention of an 0b10 checkpoint 2974 | -7/Lower Caves | Learned Factory emergency access door positions 2978 | -7/Lower Caves | Lost 3 parts (1p2n) 3048 | -7/Lower Caves | Learned Factory emergency access door positions 3300 | -7/Lower Caves | Lost 4 parts (1n1u2w) 3548 | -7/Lower Caves | Build established: Mutant 3828 | -7/Lower Caves | Discovered new exit (range 7) 3860 | -7/Lower Caves | Entered another Lower Caves area 3920 | -7/Lower Caves | Discovered new exit (range 16) 4117 | -7/Lower Caves | Entered Factory 4117 | -6/Factory | Evolved 2 slots: Propulsion x2 4117 | -6/Factory | Discovered new exit (range 14) 4387 | -6/Factory | Discovered new exit (range 9) 4474 | -6/Factory | Entered Lower Caves 4494 | -6/Lower Caves | Learned Factory security intel 4637 | -6/Lower Caves | Attracted the attention of an 0b10 outpost 4704 | -6/Lower Caves | Lost 3 parts (2u1w) 4792 | -6/Lower Caves | Lost 5 parts (1p3n1u) 4836 | -6/Lower Caves | Discovered new exit (range 9) 4838 | -6/Lower Caves | Attracted the attention of an 0b10 checkpoint 4838 | -6/Lower Caves | Entered another Lower Caves area 4839 | -6/Lower Caves | Encountered a Warlord checkpoint 4856 | -6/Lower Caves | Learned location of 1 exit from Factory 4857 | -6/Lower Caves | Discovered new exit (range 2) 4862 | -6/Lower Caves | Entered Factory 4862 | -5/Factory | Evolved 2 slots: Power x1, Utility x1 4863 | -5/Factory | Identified exit to Factory 4889 | -5/Factory | Spotted B-75 Beast 4934 | -5/Factory | Lost 3 parts (1n1u1w) 5096 | -5/Factory | Entered another Factory area 5096 | -4/Factory | Evolved 2 slots: Propulsion x1, Utility x1 5107 | -4/Factory | Spotted B-86 Titan 5250 | -4/Factory | Discovered new exit (range 11) 5265 | -4/Factory | Entered Upper Caves 5285 | -4/Upper Caves | Lost 7 parts (3n2u2w) 5391 | -4/Upper Caves | Attracted the attention of an 0b10 checkpoint 5398 | -4/Upper Caves | Self-destructed Last Messages --------------- 05251_ C-30 ARC bursts open, deploying its payload. 05251_ S-27 Virus unfolds itself. 05251_ Imp. Hacking Suite destroyed. 05251_ Connecting with Terminal... 05254_ Hacking Suite destroyed. 05263_ Acquired 32 matter. LOCATION=UNKNOWN GOAL=ESCAPE 05372_ Connecting with WAR.Sys... 05372_ Current location identified: Upper Caves >>Open Door Sealed Heavy Doors opened. 05373_ Acquired Mak. Spear. 05375_ Dropped Phase Gun. 05375_ Acquired Quantum Rifle. 05391_ Y-64 Sentinel: "INTERCEPTING UNREGISTERED DERELICT." 05393_ Slug penetrates Wall. 05396_ Impulse Thruster destroyed. 05397_ Penetrated by Slug. 05397_ Lgt. Nuclear Core destroyed. Map ----- +----------------------------------------------------+ | ?????????????????????????????????????????????????? | | ?????????????????????????????????????????????????? | | ?????????????????????????????????????????????????? | | ?????????????????????????????????????????????????? | | ?????????????????????????????????????????????????? | | ?????????????????????????????????????????????????? | | ?????????????????????????????????????????????????? | | ?????????????????????????????????????????????????? | | ?????????????????????????????????????????????????? | | ?????????????????????????????????????????????????? | | ?????????????????????????????????????????????????? | | ?????????????????????????###?????????????????????? | | ????????????????????????? ?????????????????????? | | ????????????????????????? #?????????????????????? | | ????????????????????????# #?????????????????????? | | ????????????????????????# #?????????????????????? | | ????????????????????????#g ?????????????????????? | | ????????????????????????# ?????????????????????? | | ????????????????????????# ?????????????????????? | | ????????????????????????# ??????????????????????? | | ????????????????????????# ??????????????????????? | | ???????????????????????## ??????????????????????? | | ???????????????????????# ??????????????????????? | | ????###????????????????#Y #?###??????????????????? | | ???## ##???????????????#s ###!###????????????????? | | ???# ##??????????????# @ #! #X#????????????????? | | ???## #??????????????# # [ #????????????????? | | ????## ##?????????# ### ### # #????????????????? | | ?????# #?????????# ##### #????????????????? | | ?????# #?????????####### ### ##????????????????? | | ????## #????????? #????# ## #??###????????????? | | ????# ##????????? ???## # #?# #????????????? | | ????# ##?????????? #??## ## #????????????? | | ????# ##?????????? #??# ## ##????????? | | ????# #?????????? #??# ## #?????? | | ????# ##???????? ???## #?????? | | ???## #???????? ????# ##????? | | ??## #??????#? ????# #????? | | ??# ######### ???## ##????? | | ??## #?# # # ##### #### ##?????? | | ???# #?# ##??? ##????### | | #### ##?## # #???? ##?????# # | | # #??# # ## # ## #???? ###??###?# | | #??# ## ## #####???? ##?#### ### | | # #### # # ## ##??????? ##### | | # ## ##??????####### | | ## ## #??????????### ##### | | ?## ## #??????###?# ##???# | | ??## ### ##### #??????# ## ###????? | | ??## ##?# ##??## #??????# ##?####?? | +----------------------------------------------------+ Best States ------------- Heat Dissipation 51 Energy Generation 15 Energy Capacity 265 Matter Stores 300 Matter Capacity 300 Sight Range 22 Terrain Scan Range 16 Terrain Scan Density 10 Additional Mass Support 6 Armor Coverage 375 Resistance: KI 20 Core Shielding 20 Evasion (%) 63 Targeting Accuracy 5 Offensive Hacking 22 Item Schematics ----------------- None Robot Schematics ------------------ None Fabricated ------------ Nothing Alien Tech Used ----------------- None Achievements -------------- None Challenges ------------ None Game ------ Seed GravitonRocketSpoofer Manual? 0 Play Time 00:52:30 Cumulative 47.9 hours Start 2024.10.28 @ 11:22:23 End 2024.10.28 @ 12:14:04 Sessions 1 Manual Loads 0 Difficulty Rogue Special Mode None Game No. 64 Rogue 64 Adventurer 0 Explorer 0 Win Type - Total 1 Types 1/0/0/0/0/0/0/0/0 Lore% 24 Gallery% 38 Achievement% 35 Wizard Run 0 Options --------- Layout 1 ASCII 1 Keyboard 0 Movement Numpad Keybinds 0 Fullscreen 1 Font 48/Smallcaps Map View 76x35 Zoom Use 0% Tactical HUD 1 Map Filters NONE Filters NONE Steam 1 RUN: b677ad7e-75af-4638-bc85-d331b1bacfe4